 Dungeon Sprint DCSS version 0.28.0-53-g5a82cb258f (webtiles) character file.

Game seed: 8027108672797209770

8174 Revguard the Blocker (level 11, -19/107 HPs)
             Began as a Minotaur Fighter on July 29, 2022.
             Was a Priest of Jiyva.
             Demolished by an emperor scorpion (32 damage)
             ... in the Dungeon (Sprint V: "Ziggurat Sprint").
             The game lasted 00:08:57 (494 turns).

Revguard the Blocker (Minotaur Fighter)              Turns: 494, Time: 00:08:58

Health: -19/107    AC: 29    Str: 26    XL:     11   Next: 6%
Magic:  10/10      EV:  1    Int:  5    God:    Jiyva [***...]
Gold:   0          SH:  0    Dex: 14    Spells: 10/10 levels left

rFire   . . .      SeeInvis .   F - +7 Screaming Sword {vorpal, sonic wave}
rCold   + . .      Faith    .   E - +18 shield of the Gong {rElec rN+ Will+ EV-5}
rNeg    + . .      Spirit   .   D - +15 Maxwell's patent armour {-Cast -Tele rElec Will+ rCorr}
rPois   .          Reflect  +   (helmet restricted)
rElec   +          Harm     .   (no cloak)
rCorr   +          Rampage  .   (no gloves)
Will    ++...      NoTele   +   J - +1 pair of boots {Fly}
Stlth   .......... NoCast   +   c - amulet of reflection
HPRegen 1.39/turn               K - ring of Zoiwnaam {rElec rC+ rCorr Str+5 Stlth-}
MPRegen 0.47/turn               (no ring)

@: lethally poisoned (-19 -> -21), corroded, flying, held
A: horns 2, retaliatory headbutt, wild magic 2, acidic bite, MP-powered wands
a: Renounce Religion, Oozemancy


You were in the Dungeon.
You worshipped Jiyva.
Jiyva was most pleased with you.
You visited 1 branch

Inventory:

Hand Weapons
 F - the +7 Screaming Sword (weapon) {vorpal, sonic wave}
   (You found it in the Dungeon)

   It inflicts extra damage upon your enemies.
   It radiates damaging sonic waves as it strikes, especially in combat
   involving dangerous or numerous foes.
Missiles
 n - 2 throwing nets (quivered)
Armour
 D - the +15 Maxwell's patent armour (worn) {-Cast -Tele rElec Will+ rCorr}
   (You found it in the Dungeon)

   rElec:     It insulates you from electricity.
   -Cast:     It prevents spellcasting.
   -Tele:     It prevents most forms of teleportation.
   rCorr:     It protects you from acid and corrosion.
   Will:      It increases your willpower.
 E - the +18 shield of the Gong (worn) {rElec rN+ Will+ EV-5}
   (You found it in the Dungeon)

   It is deafeningly noisy when blocking attacks.
   EV:        It affects your evasion (-5).
   rElec:     It insulates you from electricity.
   rN:        It protects you from negative energy.
   Will:      It increases your willpower.
 J - a +1 pair of boots of flying (worn)
Jewellery
 a - a ring of protection from cold
 c - an amulet of reflection (around neck)
 t - a ring of flight
 u - a +6 ring of dexterity
 v - a +6 ring of dexterity
 w - a +6 ring of intelligence
 x - a +6 ring of intelligence
 y - a +6 ring of strength
 z - a +6 ring of strength
 K - the ring of Zoiwnaam (left hand) {rElec rC+ rCorr Str+5 Stlth-}
   (You found it in the Dungeon)

   [ring of protection from cold]

   Str:       It affects your strength (+5).
   rC:        It protects you from cold.
   rElec:     It insulates you from electricity.
   rCorr:     It protects you from acid and corrosion.
   Stlth:     It makes you less stealthy.
Wands
 A - a wand of mindburst (7)
 B - a wand of iceblast (7)
 C - a wand of acid (7)
Scrolls
 j - 4 scrolls of blinking
 o - 4 scrolls of amnesia
 p - 7 scrolls of fog
 q - a scroll of holy word
 r - 5 scrolls of identify
 s - 2 scrolls of fear
 G - 4 scrolls of enchant armour
Potions
 d - 6 potions of might
 e - 10 potions of curing
 f - 7 potions of heal wounds
 g - 6 potions of haste
 h - 7 potions of magic
 i - 3 potions of berserk rage
 k - 2 potions of brilliance
 l - 2 potions of invisibility
 m - 4 potions of resistance
Miscellaneous
 b - a box of beasts
 I - a tin of tremorstones (1/2)


   Skills:
 + Level 13.6 Fighting
 + Level 13.7 Long Blades
 + Level 13.6 Armour
 + Level 12.2 Dodging
 + Level 14.1 Shields
 + Level 10.3 Evocations


You had 10 spell levels left.
You didn't know any spells.
Your spell library contained the following spells:

 Spells                   Type           Power      Damage    Failure   Level
 Freeze                   Ice            0%         1d3       100%        1
 Slow                     Hex            0%         N/A       100%        1
 Ensorcelled Hibernation  Hex/Ice        0%         N/A       100%        2
 Poisonous Vapours        Pois/Air       0%         N/A       100%        2
 Call Canine Familiar     Summ           0%         N/A       100%        3
 Confusing Touch          Hex            0%         N/A       100%        3
 Conjure Flame            Conj/Fire      0%         6-21      100%        3
 Frozen Ramparts          Ice            0%         1d2       100%        3
 Ignite Poison            Fire/Tmut/Pois 0%         N/A       100%        3
 Mephitic Cloud           Conj/Pois/Air  0%         N/A       100%        3
 Portal Projectile        Hex/Tloc       0%         N/A       100%        3
 Teleport Other           Tloc           0%         N/A       100%        3
 Vampiric Draining        Necr           0%         2d6       100%        3
 Fulminant Prism          Conj/Hex       0%         3d6       100%        4
 Hailstorm                Conj/Ice       0%         3d3       100%        4
 Freezing Cloud           Conj/Ice/Air   0%         6-21      100%        5
 Metabolic Englaciation   Hex/Ice        0%         N/A       100%        5
 Summon Mana Viper        Hex/Summ       0%         N/A       100%        5
 Yara's Violent Unravell  Hex/Tmut       0%         3d3       100%        5
 Eringya's Noxious Bog    Tmut/Pois      0%         N/A       100%        6
 Borgnjor's Revivificati  Necr           0%         N/A       100%        8
 Necromutation            Tmut/Necr      0%         N/A       100%        8
 Death's Door             Necr           0%         N/A       100%        9


Dungeon Overview and Level Annotations

Branches:
Dungeon (1/1)

Altars:
Ashenzari
Cheibriados
Dithmenos
Elyvilon
Fedhas
Gozag
Hepliaklqana
Kikubaaqudgha
Makhleb
Nemelex Xobeh
Okawaru
Qazlal
Ru
Sif Muna
Trog
Uskayaw
Vehumet
Wu Jian
Xom
Yredelemnul
Zin
The Shining One
Beogh
Jiyva
Lugonu

Annotations:
D 1 transporter


Innate Abilities, Weirdness & Mutations

You have a pair of horns on your head.
You reflexively headbutt those who attack you in melee.
Your spells are harder to cast, but more powerful.
You have acidic saliva.
You expend magic power (3 MP) to strengthen your wands.


Message History

* * * LOW HITPOINT WARNING * * *
The emperor scorpion closely misses you.
You block the emperor scorpion's attack.
SHROANNG!
Okay, then.
You feel much better.
You feel very sick. You block the jorogumo's attack.
GONNNNG!
You block the moth of wrath simulacrum's attack.
PTOANNNG!
You block the emperor scorpion's attack.
GONNNNG!
The emperor scorpion claws you but does no damage.
The emperor scorpion claws you!
* * * LOW HITPOINT WARNING * * *
The entropy weaver hits you but does no damage.
You block the entropy weaver's attack.
GONNNNG!
The entropy weaver barely misses you.
The entropy weaver hits you but does no damage.
The jorogumo casts a spell at you.
The stream of webbing hits you but does no damage.
You are caught in a web!
The tremorstone explodes into fragments!
The burst of rock shards engulfs the moth of wrath simulacrum!
The moth of wrath simulacrum vaporises!
The burst of rock shards engulfs the emperor scorpion but does no damage.
The burst of rock shards engulfs the entropy weaver!
You kill the entropy weaver!
The burst of rock shards engulfs the emperor scorpion!!
The burst of rock shards engulfs the jorogumo!!
You kill the jorogumo!
The burst of rock shards engulfs you but does no damage.
The burst of rock shards engulfs the emperor scorpion but does no damage. x2
A freezing mist starts to gather... x2
A jorogumo simulacrum and an entropy weaver simulacrum come into view.
You feel very sick. The emperor scorpion stings you!!
You die...

▓▓▓▓▓▓▓▓▓▓▓▓▓▓▓▓▓▓▓
▓...8©8...▓...8©8...▓
▓..[|)|=..▓..)}.|...▓
▓..)?}:)..▓...[).)..▓
▓.........▓.†.......▓
▓......Z..▓.....†...▓
▓.........▓.........▓
▓.Z.☼s....▓...†)....▓
▓....@....▓.▓.).†.▓.▓
▓.▓.....▓.▓....©....▓
▓....©....▓▓▓▓▓▓▓▓▓▓▓
▓▓▓▓▓▓▓▓▓▓▓


You could see an emperor scorpion (berserk, soul bound), an entropy weaver
simulacrum and a jorogumo simulacrum.

Vanquished Creatures
  An entropy weaver (D)
  A jorogumo (D)
  3 pharaoh ants (D)
  A wolf spider (D)
  A naga mage (D)
  A moth of wrath (D)
  A vault sentinel (D)
  2 black mambas (D)
  A yaktaur (D)
  A rime drake (D)
  6 merfolk (D)
  A hornet (D)
  2 tarantellas (D)
  2 wind drakes (D)
  A jumping spider (D)
  A wyvern (D)
  3 nagas (D)
  An acid dragon (D)
  4 water moccasins (D)
  5 swamp drakes (D)
  A wolf (D)
  A phantom (D)
  A scorpion (D)
  An iguana (D)
  4 adders (D)
  2 river rats (D)
  2 ball pythons (D)
  2 bat zombies (D)
  A jackal (D)
  A ball python skeleton (D)
55 creatures vanquished.

Vanquished Creatures (others)
  A golden dragon (shapeshifter) (D)
  An iron giant (shapeshifter) (D)
  2 rockslimes (shapeshifter) (D)
  A fire giant (shapeshifter) (D)
  2 broodmothers (shapeshifter) (D)
  A stone giant (shapeshifter) (D)
  A great orb of eyes (D)
  An anaconda (shapeshifter) (D)
  A two-headed ogre (shapeshifter) (D)
  2 fire crabs (shapeshifter) (D)
  An iron troll (shapeshifter) (D)
  2 deep trolls (shapeshifter) (D)
  A swamp dragon (shapeshifter) (D)
  A death drake (shapeshifter) (D)
  A wizard (D)
  A harpy (shapeshifter) (D)
  A glowing shapeshifter (D)
  A manticore (shapeshifter) (D)
  A shining eye (shapeshifter) (D)
  A moth of wrath (shapeshifter) (D)
  A cyclops (shapeshifter) (D)
  A water nymph (shapeshifter) (D)
  2 cane toads (shapeshifter) (D)
  A komodo dragon (shapeshifter) (D)
  A yaktaur (shapeshifter) (D)
  2 merfolk (shapeshifter) (D)
  A troll (shapeshifter) (D)
  4 meliai (shapeshifter) (D)
  2 polar bears (shapeshifter) (D)
  A wind drake (shapeshifter) (D)
  A tarantella (shapeshifter) (D)
  2 blink frogs (shapeshifter) (D)
  3 raiju (shapeshifter) (D)
  A dream sheep (shapeshifter) (D)
  A jumping spider (shapeshifter) (D)
  A snapping turtle (shapeshifter) (D)
  A hog (shapeshifter) (D)
  A golden eye (D)
  A redback (shapeshifter) (D)
  A black bear (shapeshifter) (D)
  9 jellies (D)
  A spectral giant cockroach (D)
63 creatures vanquished.

Grand Total: 118 creatures vanquished

Notes
Turn   | Place    | Note
-------+----------+-------------------------------------------
     0 | D        | Revguard the Minotaur Fighter began the quest for the Orb.
     0 | D        | Reached XP level 1. HP: 19/19 MP: 0/0
     2 | D        | Found a blossoming altar of Fedhas.
     2 | D        | Found the +6 Majin-Bo {vamp, MP+6 Int+6}
     2 | D        | Found the +9 heavy crossbow "Sniper" {vorpal, Acc+∞ SInv}
     2 | D        | Found the +10 dark maul {vorpal}
     2 | D        | Found the +15 Maxwell's patent armour {-Cast -Tele rElec
                  | Will+ rCorr}
     2 | D        | Found the +18 shield of the Gong {rElec rN+ Will+ EV-5}
     2 | D        | Found the +14 obsidian axe {vorpal, Mesm Drain Fly SInv}
     2 | D        | Found the +7 great mace "Firestarter" {inner flame, rF++}
     2 | D        | Found the +6 shillelagh "Devastator" {shatter}
     2 | D        | Found the +11 plutonium sword {Contam Stlth-}
     2 | D        | Found the +8 lance "Wyrmbane" {slay drac, rPois rF+ rC+
                  | AC+3}
     2 | D        | Found the +9 sword of Zonguldrok {reap}
     2 | D        | Found the +13 scythe of Curses {drain, Drain}
     2 | D        | Found the +5 sword of Power {vorpal}
     2 | D        | Found the +7 mace of Variability {chain chaos}
     2 | D        | Found the +7 Singing Sword {vorpal, sonic wave}
     2 | D        | Found the +8 storm bow {elec, penet}
     5 | D        | Found a shimmering blue altar of Sif Muna.
     5 | D        | Found a sacrificial altar of Ru.
     5 | D        | Found a bloodstained altar of Trog.
     5 | D        | Found a stormy altar of Qazlal.
     5 | D        | Found an iron altar of Okawaru.
     5 | D        | Found a sparkling altar of Nemelex Xobeh.
     7 | D        | Found a transporter.
     7 | D        | Found an ancient bone altar of Kikubaaqudgha.
     7 | D        | Found a viscous altar of Jiyva.
     7 | D        | Found a corrupted altar of Lugonu.
     7 | D        | Found a hazy altar of Hepliaklqana.
     7 | D        | Found a burning altar of Makhleb.
     7 | D        | Found an opulent altar of Gozag.
    22 | D        | Banished a spatial maelstrom
   131 | D        | Became a worshipper of Jiyva Jotail the Shapeless
   133 | D        | Killed a manticore
   134 | D        | Killed a cyclops
   136 | D        | Killed a swamp dragon
   138 | D        | Killed a polar bear
   138 | D        | Killed an iron troll
   139 | D        | Killed a wizard
   139 | D        | Killed a great orb of eyes
   140 | D        | Reached skill level 5 in Long Blades
   140 | D        | Reached skill level 5 in Shields
   140 | D        | Reached XP level 2. HP: 28/28 MP: 1/1
   140 | D        | Killed a black bear
   140 | D        | Killed an iron giant
   141 | D        | Killed a glowing shapeshifter
   142 | D        | Killed a blink frog
   142 | D        | Killed a meliai
   142 | D        | Killed a water nymph
   142 | D        | Killed a raiju
   145 | D        | Killed a meliai
   146 | D        | Killed a jumping spider
   146 | D        | Killed a rockslime
   146 | D        | Killed a fire crab
   146 | D        | Killed a cane toad
   146 | D        | Killed a deep troll
   147 | D        | Entered arena 2.
   147 | D        | Noticed a merfolk
   147 | D        | Noticed a merfolk
   147 | D        | Found a transporter.
   148 | D        | Killed a meliai
   148 | D        | Killed a polar bear
   148 | D        | Killed a shining eye
   150 | D        | Killed a two-headed ogre
   150 | D        | Killed a fire giant
   151 | D        | Killed a merfolk
   151 | D        | Killed a fire crab
   151 | D        | Killed an anaconda
   151 | D        | Killed a meliai
   152 | D        | Reached skill level 5 in Dodging
   152 | D        | Reached skill level 7 in Shields
   152 | D        | Reached XP level 3. HP: 24/38 MP: 2/2
   152 | D        | Reached XP level 4. HP: 28/45 MP: 3/3
   152 | D        | Reached XP level 5. HP: 32/51 MP: 4/4
   152 | D        | Killed a moth of wrath
   153 | D        | Killed a golden eye
   153 | D        | Killed a merfolk
   153 | D        | Killed a wind drake
   154 | D        | Killed a deep troll
   154 | D        | Killed a snapping turtle
   155 | D        | Killed a merfolk
   156 | D        | Reached skill level 8 in Shields
   156 | D        | Reached skill level 5 in Evocations
   156 | D        | Reached XP level 6. HP: 39/61 MP: 5/5
   156 | D        | Killed a harpy
   158 | D        | Killed a yaktaur
   158 | D        | Killed a redback
   158 | D        | Killed a dream sheep
   159 | D        | Killed a broodmother
   159 | D        | Killed a rockslime
   161 | D        | Killed a cane toad
   163 | D        | Killed a raiju
   165 | D        | Killed a merfolk
   166 | D        | Killed a blink frog
   167 | D        | Killed a komodo dragon
   170 | D        | Entered arena 3.
   170 | D        | Noticed a tarantella
   170 | D        | Noticed a jumping spider
   170 | D        | Found a transporter.
   170 | D        | Killed a raiju
   172 | D        | Killed a death drake
   172 | D        | Killed a golden dragon
   173 | D        | Killed a tarantella
   173 | D        | Killed a stone giant
   176 | D        | Killed a tarantella
   176 | D        | Killed a hog
   177 | D        | Reached skill level 9 in Shields
   177 | D        | Reached XP level 7. HP: 49/69 MP: 6/6
   178 | D        | Killed a broodmother
   182 | D        | Killed a jumping spider
   186 | D        | Killed a troll
   196 | D        | Entered arena 4.
   196 | D        | Noticed a vault sentinel
   196 | D        | Noticed a yaktaur
   196 | D        | Found a transporter.
   198 | D        | Killed a vault sentinel
   199 | D        | Reached skill level 10 in Shields
   199 | D        | Reached XP level 8. HP: 55/78 MP: 7/7
   202 | D        | Killed a yaktaur
   210 | D        | Entered arena 5.
   210 | D        | Found the +7 sceptre of Torment {pain, torment}
   210 | D        | Reached * piety under Jiyva
   210 | D        | Found a transporter.
   229 | D        | Got the Volume of Venom and Hexes
   240 | D        | Entered arena 6.
   240 | D        | Found a transporter.
   249 | D        | Reached skill level 10 in Long Blades
   259 | D        | Entered arena 7.
   259 | D        | Noticed a slime creature
   259 | D        | Noticed a shining eye
   260 | D        | Found a transporter.
   268 | D        | Entered arena 8.
   268 | D        | Noticed a merfolk
   268 | D        | Noticed a merfolk
   268 | D        | Noticed a merfolk
   268 | D        | Noticed a wind drake
   268 | D        | Noticed a wind drake
   268 | D        | Noticed a merfolk
   268 | D        | Reached ** piety under Jiyva
   269 | D        | Found a transporter.
   277 | D        | Killed a wind drake
   278 | D        | Reached skill level 10 in Fighting
   278 | D        | Reached skill level 10 in Armour
   287 | D        | Killed a merfolk
   287 | D        | Killed a merfolk
   287 | D        | Killed a wind drake
   288 | D        | Reached skill level 11 in Shields
   288 | D        | Reached XP level 9. HP: 35/86 MP: 8/8
   289 | D        | Killed a merfolk
   291 | D        | Killed a merfolk
   334 | D        | Entered arena 9.
   334 | D        | Noticed a naga mage
   334 | D        | Noticed a black mamba
   334 | D        | Noticed a black mamba
   335 | D        | Found a transporter.
   340 | D        | Killed a black mamba
   341 | D        | Reached skill level 10 in Dodging
   341 | D        | Reached skill level 12 in Shields
   343 | D        | Killed a black mamba
   347 | D        | Killed a naga mage
   348 | D        | Reached XP level 10. HP: 41/97 MP: 9/9
   355 | D        | Got Sif Muna's Collected Works on Curses
   419 | D        | Entered arena 10.
   420 | D        | Found a transporter.
   452 | D        | Got the ring of Zoiwnaam {rElec rC+ rCorr Str+5 Stlth-}
   457 | D        | Got the ring "Vyaw" {Wiz Str+2 Dex-5 Slay+3}
   464 | D        | Entered arena 11.
   464 | D        | Reached *** piety under Jiyva
   464 | D        | Gained mutation: You have acidic saliva. [Jiyva's grace]
   464 | D        | Gained mutation: You expend magic power (3 MP) to
                  | strengthen your wands. [Jiyva's grace]
   464 | D        | Gained mutation: Your spells are a little harder to cast,
                  | but a little more powerful. [Jiyva's grace]
   464 | D        | Gained mutation: Your spells are harder to cast, but more
                  | powerful. [Jiyva's grace]
   466 | D        | Reached skill level 13 in Shields
   466 | D        | Found a transporter.
   478 | D        | Got The Foundations of Sorcery
   481 | D        | Entered arena 12.
   481 | D        | Noticed a pharaoh ant
   481 | D        | Noticed a jorogumo
   481 | D        | Noticed a pharaoh ant
   481 | D        | Noticed a pharaoh ant
   481 | D        | Noticed a wolf spider
   481 | D        | Noticed an entropy weaver
   482 | D        | Noticed an emperor scorpion
   482 | D        | Noticed a moth of wrath
   483 | D        | Found a transporter.
   486 | D        | Killed a pharaoh ant
   486 | D        | Killed a wolf spider
   487 | D        | Reached skill level 10 in Evocations
   487 | D        | Killed a moth of wrath
   487 | D        | Killed a pharaoh ant
   487 | D        | Killed a pharaoh ant
   488 | D        | Reached skill level 14 in Shields
   488 | D        | Reached XP level 11. HP: 73/107 MP: 10/10
   494 | D        | Killed an entropy weaver
   494 | D        | Killed a jorogumo
   494 | D        | Demolished by an emperor scorpion

Illustrated notes

Levels and vault maps discovered:
D:        sprint_v [room_start, room_1, room_2, room_3, room_4, room_5, room_6,
          room_7, room_8, room_9, room_10, room_11, room_12, room_13, room_14,
          room_15, room_16, room_17, room_18, room_19, room_20, room_21,
          room_22, room_23, room_24, room_25, room_26, room_27]

Skill      XL: |  1  2  3  4  5  6  7  8  9 10 |
---------------+-------------------------------+-----
Fighting       | 4 6 7 8 9 10 11 13 | 13.6
Long Blades    | 5 6 7 8 9 10 12 13 | 13.7
Armour         | 4 6 7 8 9 10 11 13 | 13.6
Dodging        | 2 5 6 7 9 10 12 | 12.2
Shields        | 5 7 8 9 10 11 12 14 | 14.1
Evocations     | 2 4 5 6 7 8 10 | 10.3

Action                   |  1- 3 |  4- 6 |  7- 9 | 10-12 || total
-------------------------+-------+-------+-------+-------++-------
Melee: Double sword      |     3 |     9 |    46 |    19 ||    77
       Headbutt          |       |     3 |     5 |     1 ||     9
       Bite              |       |       |       |     3 ||     3
Evoke: Tin of tremorston |       |       |     1 |     1 ||     2
  Use: Potion            |     1 |       |     1 |     2 ||     4
Armor: Plate armour      |     3 |     4 |    52 |    38 ||    97
Dodge: Dodged            |       |       |     5 |    15 ||    20
Block: Kite shield       |     6 |    17 |   123 |    53 ||   199
       Reflection        |       |       |       |     3 ||     3
